 Dungeon Crawl Stone Soup version 0.28-b1-1-g3c77fb2ed1 (webtiles) character file.

Game seed: 2059482639043813698

91 styxcanada the Sneak (level 4, -3/23 HPs)
             Began as a Spriggan Brigand on Jan 28, 2022.
             Frozen to death by an endoplasm (5 damage)
             ... on level 3 of the Dungeon.
             The game lasted 00:05:51 (2965 turns).

styxcanada the Sneak (Spriggan Brigand)             Turns: 2965, Time: 00:05:51

Health: -3/23      AC:  3    Str:  7    XL:     4   Next: 34%
Magic:  5/5        EV: 17    Int: 12    God:
Gold:   83         SH:  0    Dex: 18    Spells: 3/3 levels left

rFire   . . .      SeeInvis +   a - +2 dagger
rCold   . . .      Faith    .   (no shield)
rNeg    . . .      Spirit   .   b - +0 robe
rPois   .          Reflect  .   (helmet restricted)
rElec   .          Harm     .   c - +0 cloak
rCorr   .          Rampage  .   (gloves unavailable)
Will    .....                   (boots unavailable)
Stlth   ++++......              (no amulet)
HPRegen 0.07/turn               (no ring)
MPRegen 0.09/turn               (no ring)

@: very quick
A: very small, no large weapons, unfitting armour, see invisible, speed 3
a: no special abilities


You were on level 3 of the Dungeon.
You visited 1 branch of the dungeon, and saw 3 of its levels.

You collected 83 gold pieces.

Inventory:

Hand Weapons
 a - a +2 dagger (weapon)
Missiles
 d - 6 poisoned darts
 e - 2 curare-tipped darts
 g - 63 stones (quivered)
Armour
 b - a +0 robe (worn)
 c - a +0 cloak (worn)
Scrolls
 f - a scroll of fog {unknown}
 i - a scroll of teleportation {unknown}
 j - a scroll of identify {unknown}
 m - a scroll of blinking {unknown}
 n - a scroll of enchant weapon {unknown}
Potions
 h - a potion of mutation {unknown}
 k - a potion of berserk rage {unknown}
 l - a potion of flight {unknown}


   Skills:
 * Level 1.8 Fighting
 + Level 2.8 Short Blades
 + Level 2.4 Throwing
 * Level 2.4 Dodging
 * Level 7.4 Stealth


You had 3 spell levels left.
You didn't know any spells.
Your spell library contained the following spells:

 Spells                   Type           Power      Damage    Failure   Level
 Sandblast                Erth           0%         2d4       32%         1
 Passwall                 Tmut/Erth      0%         N/A       45%         2
 Stone Arrow              Conj/Erth      0%         3d7       69%         3


Dungeon Overview and Level Annotations

Branches:
Dungeon (3/15)

Altars:


Innate Abilities, Weirdness & Mutations

You are very small and have problems with some larger weapons.
You are too small for most types of armour.
You have supernaturally acute eyesight. (SInv)
You cover ground extremely quickly. (Speed+++)


Message History

The endoplasm quivers.
The endoplasm hits you but does no damage.
The endoplasm quivers.
You hit the endoplasm.
The endoplasm is moderately wounded.
You hit the endoplasm.
The endoplasm is severely wounded.
The endoplasm barely misses you. The endoplasm hits you.
You hit the endoplasm but do no damage.
The endoplasm is severely wounded.
The endoplasm closely misses you. The endoplasm completely misses you.
The endoplasm freezes you.
You are frozen.
You hit the endoplasm.
You kill the endoplasm!
The endoplasm freezes you.
You are frozen.
The endoplasm freezes you.
You are frozen.
You hit the endoplasm.
The endoplasm is heavily wounded.
The endoplasm freezes you.
You are frozen.
The endoplasm barely misses you.
You hit the endoplasm but do no damage.
The endoplasm is heavily wounded.
The endoplasm misses you. The endoplasm freezes you.
You are frozen.
* * * LOW HITPOINT WARNING * * *
You hit the endoplasm.
The endoplasm is severely wounded.
The endoplasm freezes you.
You are frozen.
* * * LOW HITPOINT WARNING * * *
The endoplasm completely misses you.
You hit the endoplasm.
The endoplasm is almost dead.
The endoplasm freezes you.
You are frozen.
You die...

##### ##... #### +...#
...# #..# ..#.# ######
###..## #....##
......#+##.'...##J......
..........##....@..#
..........#####..J#.#
..........# ##..#
.[........## ##..#
#P..♣♣.....# #...
P...≈≈≈P...# #.#.
..♣≈♣≈≈≈.♣.# .. #
..≈≈≈≈≈≈...# .##
P≈≈≈≈♣≈♣..P#


You could see 2 endoplasms.

Vanquished Creatures
  An adder (D:2)
  A gnoll (D:1)
  2 worms (D:2)
  5 dart slugs
  2 ball pythons
  8 endoplasms
  2 giant cockroaches
  7 goblins
  3 hobgoblins
  4 jackals (D:1)
  A quokka (D:2)
  5 bats
  5 frilled lizards
  4 kobolds (D:2)
  4 rats (D:1)
54 creatures vanquished.

Vanquished Creatures (others)
  4 fungi (D:2)
  3 plants (D:2)
7 creatures vanquished.

Grand Total: 61 creatures vanquished

Notes
Turn   | Place    | Note
-------+----------+-------------------------------------------
     0 | D:1      | styxcanada the Spriggan Brigand began the quest for the
                  | Orb.
     0 | D:1      | Reached XP level 1. HP: 10/10 MP: 2/2
   135 | D:1      | Reached skill level 6 in Stealth
   449 | D:1      | Reached XP level 2. HP: 8/14 MP: 3/3
   661 | D:1      | Reached skill level 7 in Stealth
   661 | D:1      | Reached XP level 3. HP: 12/18 MP: 4/4
  2193 | D:2      | Reached XP level 4. HP: 11/23 MP: 5/5
  2743 | D:2      | Found a faded altar of an unknown god.
  2965 | D:3      | Frozen to death by an endoplasm

Illustrated notes

Levels and vault maps discovered:
D:1:      elethiomel_arrival_shortcut, layout_basic
D:2:      layout_basic, shapermc_ecumenical_altar_ellora, grunt_ministairs_6
D:3:      layout_basic, serial_bayou, serial_bayou_pond_c, serial_bayou_pond_d,
          serial_bayou_pond_c, serial_bayou_pond_a, st_stairs_11,
          minmay_bisected

Skill      XL: |  1  2  3 |
---------------+----------+-----
Stealth        | 6 7 |  7.4
Dodging        | 2 |  2.4
Fighting       | |  1.8
Short Blades   | |  2.8
Throwing       | |  2.4

Action                   |  1- 3 |  4- 6 || total
-------------------------+-------+-------++-------
Melee: Dagger            |   149 |    32 ||   181
       Punch             |     2 |       ||     2
Throw: Dart              |    19 |       ||    19
       Stone             |     1 |       ||     1
 Stab: Sleeping          |     6 |     5 ||    11
Armor: Robe              |    15 |     1 ||    16
Dodge: Dodged            |    87 |    15 ||   102
